 Dungeon Crawl Stone Soup version 0.20-a0-517-g5f97612 (webtiles) character file.

560 kae the Slasher (level 7, 0/56 HPs)
             Began as a Barachian Fighter on Jan 24, 2017.
             Slain by stickyfingers's ghost (6 damage)
             ... on level 5 of the Dungeon.
             The game lasted 00:03:43 (4258 turns).

kae the Slasher (Barachian Fighter)                 Turns: 4258, Time: 00:03:43

Health: 0/56       AC:  8    Str: 21    XL:     7   Next: 31%
Magic:  16/16      EV:  7    Int:  6    God:
Gold:   142        SH:  9    Dex: 11    Spells: 6/6 levels left

rFire    . . .     SeeInvis +   a - +0 long sword
rCold    . . .     Gourm    .   b - +0 scale mail
rNeg     . . .     Faith    .   c - +0 shield
rPois    .         Spirit   .   (no helmet)
rElec    .         Reflect  .   (no cloak)
rCorr    .         Harm     .   g - +0 pair of gloves
MR       .....                  (no boots)
Stlth    ..........             (no amulet)
Regen    0.2/turn               q - ring of magical power
                                m - ring of see invisible

@: mighty, slow
A: swims, slowness 1, strong legs 1
a: Hop


You were on level 5 of the Dungeon.
You were hungry.

You visited 1 branch of the dungeon, and saw 5 of its levels.

You collected 142 gold pieces.

Inventory:

Hand Weapons
 a - a +0 long sword (weapon)
Armour
 b - a +0 scale mail (worn)
 c - a +0 shield (worn)
 g - a +0 pair of gloves (worn)
Jewellery
 m - a ring of see invisible (left hand)
 q - a ring of magical power (right hand)
Wands
 j - a wand of random effects (29/48)
 t - a wand of acid (4/15)
Scrolls
 r - a scroll of teleportation
Potions
 e - a potion of brilliance
 i - a potion of degeneration {unknown}
 k - a potion of cancellation
 l - a potion of magic {unknown}
 o - a potion of curing
 s - a potion of resistance {unknown}
 u - a potion of flight {unknown}
Comestibles
 f - 3 bread rations
 n - 2 meat rations
 p - a royal jelly


   Skills:
 + Level 5.2 Fighting
 * Level 6.2 Long Blades
 + Level 5.2 Armour
 - Level 3.0 Shields


You had 6 spell levels left.
You didn't know any spells.

Dungeon Overview and Level Annotations

Branches:
Dungeon (5/15)
 Temple: D:4-7

Altars:
Nemelex Xobeh

Annotations:
D:5 stickyfingers's ghost, amateur BaNe


Innate Abilities, Weirdness & Mutations

You can swim through water.
You cover ground slowly.
You can hop short distances.


Message History

Stickyfingers's ghost hits you.
* * * LOW HITPOINT WARNING * * *
You barely miss stickyfingers's ghost.
Stickyfingers's ghost is heavily damaged.
Stickyfingers's ghost gestures at you while chanting.
Pain shoots through your body!
* * * LOW HITPOINT WARNING * * *
You slash stickyfingers's ghost!
Stickyfingers's ghost is severely damaged.
Stickyfingers's ghost hits you.
* * * LOW HITPOINT WARNING * * *
Stickyfingers's ghost barely misses you.
You closely miss stickyfingers's ghost.
Stickyfingers's ghost is severely damaged.
Stickyfingers's ghost hits you but does no damage.
A bullfrog skeleton comes into view.
You slash stickyfingers's ghost!
Stickyfingers's ghost is almost destroyed.
Stickyfingers's ghost hits you.
You die...

+.......#
#.......#
#.....Z.#
#.......#
#.......###
........).##
...........#
...........#
......†@...#
.......W...#
####+#.....#
#.....#
+.....#
#.....#
#.....#
#.....#
#.....#


You could see stickyfingers's ghost and a bullfrog skeleton.

Vanquished Creatures
  Sigmund (D:5)
  A phantom (D:4)
  A howler monkey (D:4)
  2 orc priests
  2 orc wizards
  7 adders
  A worm (D:4)
  A dart slug (D:3)
  3 leopard geckos
  15 orcs
  7 giant cockroaches
  6 goblins
  14 hobgoblins
  8 jackals
  2 quokkas (D:2)
  6 bats
  5 frilled lizards
  8 kobolds
  A leopard gecko skeleton (D:4)
  A leopard gecko zombie (D:5)
  3 rats
95 creatures vanquished.

Vanquished Creatures (others)
  A leopard gecko (D:3)
1 creature vanquished.

Grand Total: 96 creatures vanquished

Notes
Turn   | Place    | Note
-------+----------+-------------------------------------------
     0 | D:1      | kae the Barachian Fighter began the quest for the Orb.
     0 | D:1      | Reached XP level 1. HP: 18/18 MP: 1/1
   196 | D:1      | Reached XP level 2. HP: 24/24 MP: 2/2
   613 | D:2      | Reached skill level 3 in Long Blades
   687 | D:2      | Reached XP level 3. HP: 29/29 MP: 3/3
  1334 | D:3      | Reached XP level 4. HP: 37/37 MP: 3/4
  1379 | D:3      | Found a sparkling altar of Nemelex Xobeh.
  1842 | D:2      | Reached skill level 4 in Long Blades
  1927 | D:3      | Reached XP level 5. HP: 37/42 MP: 5/5
  3059 | D:4      | Found a sparkling altar of Nemelex Xobeh.
  3168 | D:4      | Reached XP level 6. HP: 46/49 MP: 6/6
  3185 | D:4      | Reached skill level 5 in Long Blades
  3660 | D:4      | Noticed a phantom
  3684 | D:4      | Killed a phantom
  3841 | D:4      | Reached skill level 5 in Armour
  4047 | D:4      | Reached skill level 5 in Fighting
  4165 | D:5      | Entered Level 5 of the Dungeon
  4194 | D:5      | Noticed Sigmund
  4203 | D:5      | Killed Sigmund
  4203 | D:5      | Reached skill level 6 in Long Blades
  4203 | D:5      | Reached XP level 7. HP: 47/56 MP: 7/7
  4236 | D:5      | Noticed stickyfingers's ghost (amateur BaNe)
  4258 | D:5      | Slain by stickyfingers's ghost

Vault maps used:
D:1:      shiori_arrival_oz
D:3:      kennysheep_pointless_box, nemelex_altar_shiori
D:4:      kennysheep_little_box, first_bread, grunt_ministairs_11
D:5:      tgw_sif, serial_shops, shop, nicolae_shop_overgrown_old_shop, shop,
          nicolae_shop_window_shopping, uniq_eustachio, uniq_sigmund

Skill      XL: |  1  2  3  4  5  6 |
---------------+-------------------+-----
Long Blades    | 3 4 6 |  6.2
Fighting       | 4 5 |  5.2
Armour         | 4 5 |  5.2
Shields        | |  3.0

Action                   |  1- 3 |  4- 6 |  7- 9 || total
-------------------------+-------+-------+-------++-------
Melee: Long sword        |   107 |   235 |    28 ||   370
 Abil: Hop               |       |     1 |       ||     1
  Use: Scroll            |     6 |     3 |       ||     9
       Potion            |       |     1 |     2 ||     3
  Eat: Chunk             |     2 |    10 |       ||    12
Armor: Scale mail        |    64 |   115 |    14 ||   193
Dodge: Dodged            |    30 |    57 |     5 ||    92
Block: Shield            |    63 |    90 |    12 ||   165
       Rpst.: Long sword |    14 |    19 |     1 ||    34
